 Dungeon Crawl Stone Soup version 0.26.1-11-gd32895ea62 (webtiles) character file.

Game seed: 682231487051304780

788 Zeld the Chopper (level 7, -4/64 HPs)
             Began as a Hill Orc Monk on Sept 2, 2021.
             Slain by an iguana (11 damage)
             ... on level 4 of the Dungeon.
             The game lasted 00:04:13 (4856 turns).

Zeld the Chopper (Hill Orc Monk)                    Turns: 4856, Time: 00:04:13

Health: -4/64      AC:  2    Str: 16    XL:     7   Next: 87%
Magic:  7/7        EV: 13    Int: 10    God:
Gold:   159        SH:  0    Dex: 13    Spells: 6/6 levels left

rFire    . . .     SeeInvis .   a - +2 hand axe (venom)
rCold    . . .     Faith    .   (no shield)
rNeg     . . .     Spirit   .   b - +0 robe
rPois    .         Reflect  .   (no helmet)
rElec    .         Harm     .   (no cloak)
rCorr    .         Rampage  .   (no gloves)
Will     .....                  (no boots)
Stlth    ++........             (no amulet)
HPRegen  0.20/turn              (no ring)
MPRegen  0.10/turn              (no ring)

@: no status effects
A: no striking features
a: no special abilities


You were on level 4 of the Dungeon.
You visited 1 branch of the dungeon, and saw 5 of its levels.

You collected 159 gold pieces.

Inventory:

Hand Weapons
 a - a +2 hand axe of venom (weapon)
Armour
 b - a +0 robe (worn)
Jewellery
 q - a +4 ring of protection {unknown}
Scrolls
 c - 6 scrolls of identify {unknown}
 e - 2 scrolls of fear {unknown}
 f - 3 scrolls of amnesia {unknown}
 g - 2 scrolls of remove curse {unknown}
 l - a scroll of fog {unknown}
 m - 2 scrolls of blinking {unknown}
 n - 3 scrolls of teleportation {unknown}
Potions
 d - 3 potions of mutation {unknown}
 h - 2 potions of lignification {unknown}
 i - 3 potions of might {unknown}
 j - 5 potions of curing {unknown}
 k - 2 potions of brilliance {unknown}
 o - a potion of attraction {unknown}
 p - a potion of heal wounds {unknown}


   Skills:
 * Level 6.8 Fighting
 * Level 7.7 Axes
 + Level 3.4 Armour
 + Level 3.7 Dodging
 - Level 1.5 Stealth


You had 6 spell levels left.
You didn't know any spells.
Your spell library was empty.

Dungeon Overview and Level Annotations

Branches:
Dungeon (5/15)
 Temple: D:4-7

Altars:
Cheibriados
Qazlal
Ru

Annotations:
D:3 2 transporters, boopmooplesden's ghost, weakling DsGl


Message History

You kill the adder!
You feel sick.
You barely miss the iguana.
The iguana is heavily wounded.
You completely miss the ogre. The ogre hits you with a +0 giant club!
* * * LOW HITPOINT WARNING * * *
The iguana barely misses you.
Unknown command.
The iguana barely misses you.
You feel sick.
You kill the ogre! x2
You hit the iguana.
The iguana is poisoned.
The iguana is heavily wounded.
You feel sick.
You are no longer poisoned.
The iguana barely misses you.
You hit the iguana.
The iguana is severely wounded.
The iguana bites you!
You die...

#........................
#........................
#......###......####.....
#......# #......# .....
#......# #...)..# ....
#......# #.)....# ...:
#......# #......#
#......# #).ls..#
#..@...# #......#
########


You could see a scorpion and an iguana (very poisoned).

Vanquished Creatures
  Sigmund (D:2)
  2 ogres (D:4)
  A howler monkey (D:3)
  A hound (D:4)
  An orc wizard (D:3)
  A bullfrog skeleton (D:5)
  Jessica (D:3)
  An iguana (D:4)
  Natasha (thrice) (D:2)
  Terence (D:2)
  4 adders
  4 gnolls (D:2)
  An ufetubus (D:5)
  2 oozes
  A worm (D:2)
  4 dart slugs
  2 leopard geckos
  3 orcs (D:3)
  8 bats
  4 giant cockroaches
  5 goblins
  9 hobgoblins
  5 jackals
  2 quokkas
  5 frilled lizards
  11 kobolds
  5 rats
88 creatures vanquished.

Notes
Turn   | Place    | Note
-------+----------+-------------------------------------------
     0 | D:1      | Zeld the Hill Orc Monk began the quest for the Orb.
     0 | D:1      | Reached XP level 1. HP: 19/19 MP: 1/1
   354 | D:1      | Reached XP level 2. HP: 25/27 MP: 2/2
  1219 | D:1      | Reached skill level 1 in Armour
  1219 | D:1      | Reached XP level 3. HP: 33/33 MP: 3/3
  1303 | D:2      | Reached XP level 4. HP: 26/41 MP: 4/4
  1307 | D:2      | Reached skill level 5 in Axes
  1780 | D:2      | Noticed Natasha
  2174 | D:2      | Killed Natasha
  2233 | D:2      | Reached XP level 5. HP: 40/47 MP: 5/5
  2319 | D:2      | Found a stormy altar of Qazlal.
  2330 | D:2      | Noticed Natasha
  2341 | D:2      | Killed Natasha
  2342 | D:2      | Reached skill level 5 in Fighting
  2537 | D:2      | Noticed Natasha
  2544 | D:2      | Killed Natasha
  2618 | D:2      | Noticed Sigmund
  2979 | D:2      | Killed Sigmund
  2980 | D:2      | Reached skill level 6 in Axes
  2980 | D:2      | Reached XP level 6. HP: 26/57 MP: 6/6
  3282 | D:2      | Found a snail-covered altar of Cheibriados.
  3592 | D:2      | Noticed Terence
  3605 | D:2      | Killed Terence
  3954 | D:3      | Noticed boopmooplesden's ghost (weakling DsGl)
  3964 | D:3      | Reached XP level 7. HP: 32/63 MP: 7/7
  4050 | D:3      | Found a transporter.
  4226 | D:3      | Noticed Jessica
  4233 | D:3      | Killed Jessica
  4234 | D:3      | Reached skill level 7 in Axes
  4308 | D:3      | Found a sacrificial altar of Ru.
  4380 | D:3      | Found a transporter.
  4424 | D:3      | You fall into a shaft and drop 2 floors!
  4424 | D:5      | Entered Level 5 of the Dungeon
  4856 | D:4      | Slain by an iguana

Illustrated notes

Levels and vault maps discovered:
D:1:      psy_arrival_spokes, layout_loops_corners
D:2:      layout_basic, old_standard_altar, nicolae_overflow_crystal_walls,
          uniq_natasha, uniq_terence, uniq_sigmund
D:3:      layout_rooms, gammafunk_ghost_mausoleum,
          nicolae_ru_great_annihilating_truth, uniq_jessica
D:4:      layout_basic, nicolae_gozag_seed_capital, old_standard_altar,
          kennysheep_little_box
D:5:      layout_rooms, okawaru_gym_becter, zin_academy, serial_rivers,
          chequers_serial_rivers_marsh, chequers_serial_rivers_large_b,
          chequers_serial_rivers_micro_d, chequers_serial_rivers_marsh,
          chequers_serial_rivers_room_a, chequers_serial_rivers_micro_c

Skill      XL: |  1  2  3  4  5  6  7 |
---------------+----------------------+-----
Fighting       | 4 5 6 |  6.8
Armour         | 1 2 3 |  3.4
Axes           | 5 6 7 |  7.7
Dodging        | 3 |  3.7
Stealth        | |  1.5

Action                   |  1- 3 |  4- 6 |  7- 9 || total
-------------------------+-------+-------+-------++-------
Melee: Hand axe          |    64 |   117 |    66 ||   247
 Stab: Sleeping          |     2 |       |       ||     2
       Paralysed         |       |       |     1 ||     1
Armor: Robe              |    17 |    11 |    13 ||    41
Dodge: Dodged            |    61 |    83 |    64 ||   208
